TOP OF THE 1ST |
---|
Seattle Pikes batting - Pitching for Kansas City Kings : RHP Carlos Pacheco | Pitching: RHP Carlos Pacheco | | Batting: RHB Pete Rideout | 0-0: Swinging Strike 0-1: Ball 1-1: Swinging Strike 1-2: Ball 2-2: Strikes out swinging | Batting: RHB Wallace Greene | 0-0: Called Strike 0-1: Fly out, F8 (Flyball, 8RXD) | Batting: LHB Richard Hunter | 0-0: Ball 1-0: Called Strike 1-1: Swinging Strike 1-2: Ball 2-2: Strikes out looking | Top of the 1st over - 0 runs, 0 hits, 0 errors, 0 left on base; Seattle 0 - Kansas City 0 | BOTTOM OF THE 1ST |
---|
Kansas City Kings batting - Pitching for Seattle Pikes : LHP Allen Purss | Pitching: LHP Allen Purss | | Batting: SHB Douglas Taylor | 0-0: Swinging Strike 0-1: Foul Ball, location: 2F 0-2: Hit by Pitch | Batting: RHB Cy Keynes | 0-0: Ball 1-0: Ball 2-0: Ball 3-0: Called Strike 3-1: Foul Ball, location: 2F 3-2: Base on Balls Douglas Taylor to second | Batting: RHB Toshimichi Kono | 0-0: Called Strike 0-1: SINGLE (Line Drive, 56) Douglas Taylor to third Cy Keynes to second Runner from 3rd tries for Home, throw and OUT! Cy Keynes to third Toshimichi Kono to second | Batting: RHB Jeremy Carr | 0-0: Foul Ball, location: 2F 0-1: Fly out, F9 (Flyball, 9S) | Batting: RHB Chris Chandler | 0-0: Ball 1-0: Foul Ball, location: 2F 1-1: Hit by Pitch | Batting: RHB Dave Parker | 0-0: Ball 1-0: Swinging Strike 1-1: Ground out 4-3 (Groundball, 4M) | Bottom of the 1st over - 0 runs, 1 hit, 0 errors, 3 left on base; Seattle 0 - Kansas City 0 | TOP OF THE 2ND |
---|
Seattle Pikes batting - Pitching for Kansas City Kings : RHP Carlos Pacheco | Batting: RHB Manuel Rico | 0-0: Ball 1-0: Ball 2-0: Ball 3-0: Base on Balls | Batting: LHB Roberto Lozano | 0-0: DOUBLE (Line Drive, 78M) Manuel Rico to third | Batting: RHB Robert Johnson | 0-0: Ground out 1-3 (Groundball, P) | Batting: SHB Richard Bowman | 0-0: Called Strike 0-1: Ball 1-1: Ground out 6-3 (Groundball, 6) Manuel Rico scores Roberto Lozano to third | Batting: RHB Iván Gonzáles | 0-0: Ball 1-0: Foul Ball, location: 2F 1-1: Swinging Strike 1-2: Ball 2-2: Strikes out swinging | Top of the 2nd over - 1 run, 1 hit, 0 errors, 1 left on base; Seattle 1 - Kansas City 0 | BOTTOM OF THE 2ND |
---|
Kansas City Kings batting - Pitching for Seattle Pikes : LHP Allen Purss | Batting: RHB Oliver Lugo | 0-0: SINGLE (Flyball, 89M) | Batting: LHB Luis González | 0-0: Ball 1-0: Swinging Strike 1-1: Called Strike 1-2: Ball 2-2: Strikes out swinging Throwing error on steal attempt, E2 Oliver Lugo to third | Batting: LHB Greg Schultz | 0-0: Called Strike 0-1: Fly out, F8 (Flyball, 78XD) Runner from 3rd tags up, SCORES, no throw | Batting: SHB Douglas Taylor | 0-0: Ball 1-0: Ball 2-0: Ball 3-0: Base on Balls | Batting: RHB Cy Keynes | 0-0: Called Strike 0-1: Ball 1-1: Ball 2-1: Ball 3-1: Base on Balls Douglas Taylor to second | Batting: RHB Toshimichi Kono | 0-0: Ball 1-0: Foul Ball, location: 2F 1-1: 3-RUN HOME RUN (Flyball, 7D), Distance : 366 ft | Batting: RHB Jeremy Carr | 0-0: Ground out 6-3 (Groundball, 6) | Bottom of the 2nd over - 4 runs, 2 hits, 1 error, 0 left on base; Seattle 1 - Kansas City 4 | TOP OF THE 3RD |
---|
Seattle Pikes batting - Pitching for Kansas City Kings : RHP Carlos Pacheco | Batting: RHB Arnold Harmon | 0-0: Ball 1-0: Ground out U3 (Groundball, 3S) | Batting: RHB Pete Rideout | 0-0: Ball 1-0: Ball 2-0: Ball 3-0: Base on Balls | Batting: RHB Wallace Greene | 0-0: Called Strike Pete Rideout steals 2nd base 0-1: Swinging Strike 0-2: Ball 1-2: Fly out, F9 (Flyball, 9S) | Batting: LHB Richard Hunter | 0-0: Swinging Strike 0-1: Swinging Strike 0-2: Reached on error, E3 (Groundball, 3L) Pete Rideout to third | Batting: RHB Manuel Rico | 0-0: Ball 1-0: Ball 2-0: Ball 3-0: Called Strike 3-1: Foul Ball, location: 2F 3-2: Foul Ball, location: 2F 3-2: Strikes out looking | Top of the 3rd over - 0 runs, 0 hits, 1 error, 2 left on base; Seattle 1 - Kansas City 4 | BOTTOM OF THE 3RD |
---|
Kansas City Kings batting - Pitching for Seattle Pikes : LHP Allen Purss | Batting: RHB Chris Chandler | 0-0: Swinging Strike 0-1: Called Strike 0-2: Fly out, F8 (Flyball, 8RS) | Batting: RHB Dave Parker | 0-0: SINGLE (Line Drive, 78S) | Batting: RHB Oliver Lugo | 0-0: Called Strike 0-1: Ball 1-1: Foul Ball, location: 2F 1-2: Ball Passed Ball! Dave Parker to second 2-2: Ball Passed Ball! Dave Parker to third 3-2: Foul Ball, location: 2F 3-2: Foul Ball, location: 2F 3-2: Foul Ball, location: 2F 3-2: Strikes out swinging | Batting: LHB Luis González | 0-0: Foul Ball, location: 2F 0-1: Called Strike 0-2: Ball 1-2: Ground out 6-3 (Groundball, 6) | Bottom of the 3rd over - 0 runs, 1 hit, 0 errors, 1 left on base; Seattle 1 - Kansas City 4 | TOP OF THE 4TH |
---|
Seattle Pikes batting - Pitching for Kansas City Kings : RHP Carlos Pacheco | Batting: LHB Roberto Lozano | 0-0: Ball 1-0: Fly out, F9 (Flyball, 9S) | Batting: RHB Robert Johnson | 0-0: Called Strike 0-1: Ground out 6-3 (Groundball, 6) | Batting: SHB Richard Bowman | 0-0: Called Strike 0-1: Swinging Strike 0-2: Strikes out swinging | Top of the 4th over - 0 runs, 0 hits, 0 errors, 0 left on base; Seattle 1 - Kansas City 4 | BOTTOM OF THE 4TH |
---|
Kansas City Kings batting - Pitching for Seattle Pikes : LHP Allen Purss | Batting: LHB Greg Schultz | 0-0: Called Strike 0-1: Ball 1-1: Fly out, F8 (Flyball, 8RXD) | Batting: SHB Douglas Taylor | 0-0: Foul Ball, location: 2F 0-1: Ball 1-1: SINGLE (Groundball, 5S) (infield hit) | Batting: RHB Cy Keynes | 0-0: Ball 1-0: Ball 2-0: Called Strike 2-1: Foul Ball, location: 2F 2-2: Foul Ball, location: 2F 2-2: Ball 3-2: Base on Balls Douglas Taylor to second | Batting: RHB Toshimichi Kono | 0-0: Ball 1-0: Foul Ball, location: 2F 1-1: Swinging Strike 1-2: Ball 2-2: Ball 3-2: Base on Balls Douglas Taylor to third Cy Keynes to second | Batting: RHB Jeremy Carr | 0-0: SINGLE (Groundball, 34D) Douglas Taylor scores Cy Keynes to third Toshimichi Kono to second Runner from 3rd tries for Home, SAFE, no throw | Pitching: LHP Jesús Martínez | | Batting: RHB Chris Chandler | 0-0: Ball Balk! Toshimichi Kono to third Jeremy Carr to second 1-0: Ground out 5-3 (Groundball, 56) Toshimichi Kono scores | Batting: RHB Dave Parker | 0-0: Called Strike 0-1: Ball 1-1: Ground out 5-3 (Groundball, 56) | Bottom of the 4th over - 3 runs, 2 hits, 0 errors, 1 left on base; Seattle 1 - Kansas City 7 | TOP OF THE 5TH |
---|
Seattle Pikes batting - Pitching for Kansas City Kings : RHP Carlos Pacheco | Batting: RHB Iván Gonzáles | 0-0: Ball 1-0: Ground out U3 (Groundball, 34) | Batting: RHB Arnold Harmon | 0-0: Called Strike 0-1: Foul Ball, location: 2F 0-2: Foul Ball, location: 2F 0-2: Ground out U3 (Groundball, 34S) | Batting: RHB Pete Rideout | 0-0: Called Strike 0-1: Ball 1-1: Ball 2-1: Ground out 1-3 (Groundball, 15) | Top of the 5th over - 0 runs, 0 hits, 0 errors, 0 left on base; Seattle 1 - Kansas City 7 | BOTTOM OF THE 5TH |
---|
Kansas City Kings batting - Pitching for Seattle Pikes : LHP Jesús Martínez | Batting: RHB Oliver Lugo | 0-0: Ball 1-0: Ball 2-0: Called Strike 2-1: Foul Ball, location: 2F 2-2: Foul Ball, location: 2F 2-2: Strikes out swinging | Batting: LHB Luis González | 0-0: Called Strike 0-1: Swinging Strike 0-2: Ball 1-2: Strikes out swinging | Batting: LHB Greg Schultz | 0-0: Called Strike 0-1: Ground out 4-3 (Groundball, 34D) | Bottom of the 5th over - 0 runs, 0 hits, 0 errors, 0 left on base; Seattle 1 - Kansas City 7 | TOP OF THE 6TH |
---|
Seattle Pikes batting - Pitching for Kansas City Kings : RHP Carlos Pacheco | Batting: RHB Wallace Greene | 0-0: Swinging Strike 0-1: Called Strike 0-2: Ball 1-2: Strikes out looking | Batting: LHB Richard Hunter | 0-0: Called Strike 0-1: Ball 1-1: Ball 2-1: Ball 3-1: Called Strike 3-2: Foul Ball, location: 2F 3-2: Foul Ball, location: 2F 3-2: Strikes out swinging | Batting: RHB Manuel Rico | 0-0: Ball 1-0: Ball 2-0: Ball 3-0: Called Strike 3-1: Foul Ball, location: 2F 3-2: Ground out 6-3 (Groundball, 6) | Top of the 6th over - 0 runs, 0 hits, 0 errors, 0 left on base; Seattle 1 - Kansas City 7 | BOTTOM OF THE 6TH |
---|
Kansas City Kings batting - Pitching for Seattle Pikes : LHP Jesús Martínez | Batting: SHB Douglas Taylor | 0-0: Ball 1-0: Swinging Strike 1-1: Called Strike 1-2: Ball 2-2: Fly out, F8 (Flyball, 89M) | Batting: RHB Cy Keynes | 0-0: Ball 1-0: Called Strike 1-1: Foul Ball, location: 2F 1-2: Foul Ball, location: 2F 1-2: Strikes out looking | Batting: RHB Toshimichi Kono | 0-0: Ball 1-0: Ball 2-0: SINGLE (Groundball, 34D) | Batting: RHB Jeremy Carr | 0-0: Ball 1-0: Foul Ball, location: 2F 1-1: Foul Ball, location: 2F 1-2: Foul Ball, location: 2F 1-2: Ball 2-2: Ground out 5-3 (Groundball, 56S) | Bottom of the 6th over - 0 runs, 1 hit, 0 errors, 1 left on base; Seattle 1 - Kansas City 7 | TOP OF THE 7TH |
---|
Seattle Pikes batting - Pitching for Kansas City Kings : RHP Carlos Pacheco | Batting: LHB Roberto Lozano | 0-0: Swinging Strike 0-1: Swinging Strike 0-2: Ball 1-2: Ball 2-2: Strikes out swinging | Batting: RHB Robert Johnson | 0-0: Ground out 3-1 (Groundball, 34S) | Batting: SHB Richard Bowman | 0-0: Ball 1-0: Called Strike 1-1: Ball 2-1: Called Strike 2-2: Fly out, F8 (Line Drive, 8RS) | Top of the 7th over - 0 runs, 0 hits, 0 errors, 0 left on base; Seattle 1 - Kansas City 7 | BOTTOM OF THE 7TH |
---|
Kansas City Kings batting - Pitching for Seattle Pikes : LHP Jesús Martínez | Batting: RHB Chris Chandler | 0-0: Ball 1-0: Foul Ball, location: 2F 1-1: Fly out, F8 (Line Drive, 89M) | Batting: RHB Dave Parker | 0-0: Foul Ball, location: 2F 0-1: Called Strike 0-2: Ball 1-2: Reached on error, E9 (Flyball, 9S) | Batting: RHB Oliver Lugo | 0-0: Called Strike 0-1: Called Strike 0-2: Ball 1-2: Ball 2-2: Fielders Choice at 2nd, 1-6 (Groundball, P) | Batting: LHB Luis González | 0-0: Ball Throwing error on steal attempt, E2 Oliver Lugo to third 1-0: Ball 2-0: Foul Ball, location: 2F 2-1: Ground out 4-3 (Groundball, 4) | Bottom of the 7th over - 0 runs, 0 hits, 2 errors, 1 left on base; Seattle 1 - Kansas City 7 | TOP OF THE 8TH |
---|
Seattle Pikes batting - Pitching for Kansas City Kings : RHP Carlos Pacheco | Pitching: LHP Rob Lucas | | Batting: RHB Iván Gonzáles | 0-0: Called Strike 0-1: Foul Ball, location: 2F 0-2: Ball 1-2: Foul Ball, location: 2F 1-2: Ground out 4-3 (Groundball, 4) | Batting: RHB Arnold Harmon | 0-0: Ground out 3-1 (Groundball, 34) | Batting: RHB Pete Rideout | 0-0: Ball 1-0: Swinging Strike 1-1: Ground out 6-3 (Groundball, 6M) | Top of the 8th over - 0 runs, 0 hits, 0 errors, 0 left on base; Seattle 1 - Kansas City 7 | BOTTOM OF THE 8TH |
---|
Kansas City Kings batting - Pitching for Seattle Pikes : LHP Jesús Martínez | Batting: LHB Greg Schultz | 0-0: Ball 1-0: Swinging Strike 1-1: Foul Ball, location: 2F 1-2: Foul Ball, location: 2F 1-2: Strikes out swinging | Batting: SHB Douglas Taylor | 0-0: Ball 1-0: Ball 2-0: Ball 3-0: Called Strike 3-1: Called Strike 3-2: Base on Balls | Batting: RHB Cy Keynes | 0-0: Foul Ball, location: 2F 0-1: Ball 1-1: Grounds into double play, 6-4-3 (Groundball, 6) | Bottom of the 8th over - 0 runs, 0 hits, 0 errors, 0 left on base; Seattle 1 - Kansas City 7 | TOP OF THE 9TH |
---|
Seattle Pikes batting - Pitching for Kansas City Kings : LHP Rob Lucas | Batting: RHB Wallace Greene | 0-0: Ball 1-0: Foul Ball, location: 2F 1-1: Foul Ball, location: 2F 1-2: Fly out, F9 (Flyball, 9S) | Batting: LHB Richard Hunter | 0-0: Called Strike 0-1: Ball 1-1: Swinging Strike 1-2: DOUBLE (Line Drive, 7D) | Batting: RHB Manuel Rico | 0-0: Called Strike 0-1: Ball 1-1: Foul Ball, location: 2F 1-2: Fly out, F5 (Popup, 5F) | Batting: LHB Roberto Lozano | 0-0: Ball 1-0: Ball 2-0: Fly out, F9 (Flyball, 9S) | Top of the 9th over - 0 runs, 1 hit, 0 errors, 1 left on base; Seattle 1 - Kansas City 7 | |